AoeStats
← NPG | FishCL

Coastal Forest

503486034Analyzed
4v4 RM · 1mo ago on Aug 31, 2026· 7m 37s· 8 players
Game mode
Random Map
Map size
Large (8 player)
Population
200
Speed
Normal
Resources
Standard
Victory
Conquest
Starting age
Dark Age
Ending age
Imperial Age
RankedLock teamsTeams togetherTeam positionsShared explorationLock speedFull tech treeHidden civsTurbo modeCheats
Victory
Defeat
🇦🇺 Sicilians · Australia
1853
+8
🇩🇪 Malay · Germany
1795
+10
🇲🇾 Persians · Malaysia
1776
+10
🇺🇸 Spanish · United States
1768
+11
🇩🇿 Berbers · Algeria
1680
-11
🇨🇱 Mongols · Chile
1672
-10
🇲🇽 Malay · Mexico
1623
-9
🇲🇽 Persians · Mexico
1623
-9
Lastmantillidie
3:10 Loom
B3rserk
Obuk
6:11 Loom
9:23 Feudal Age
0653599
EL MAYA
6:11 Loom
Rv
7:47 Loom
NPG | FishCL
6:50 Loom
9:07 Feudal Age
hl.exe
1:49 Loom
Connection lost

Rejoining the realm…

Still unreachable

The connection could not be restored.

Session expired

The server has moved on; the page needs a fresh start.